 Dungeon Crawl Stone Soup version 0.30.1-11-g7821555f0a (webtiles) character file.

Game seed: 17804208805630851891

78 VictoriousLee the Magician (level 4, 0/29 HPs)
             Began as an Octopode Hedge Wizard on Dec 31, 2023.
             Slain by Natasha (4 damage)
             ... on level 3 of the Dungeon.
             The game lasted 00:12:07 (2710 turns).

VictoriousLee the Magician (Octopode Hedge Wizard)  Turns: 2710, Time: 00:12:07

Health: 0/29       AC:  1    Str:  9    XL:     4   Next: 36%
Magic:  4/8        EV: 13    Int: 18    God:
Gold:   28         SH:  0    Dex: 11    Spells: 5/9 levels left

rFire   . . .        f - +0 trident (venom)
rCold   . . .        (no shield)
rNeg    . . .        b - +0 hat
rPois   .            (no amulet)
rElec   .            (no ring)
rCorr   .            (no ring)
SInv    .            (no ring)
Will    .....        (no ring)
Stlth   +++          (no ring)
HPRegen 0.24/turn    (no ring)
MPRegen 0.11/turn    (no ring)
                     (no ring)

%: no passive effects
@: no status effects
A: almost no armour, amphibious, 8 rings, camouflage 1, gelatinous body 1,
(nimble swimmer 1), tentacles
a: no special abilities


You were on level 3 of the Dungeon.
You visited 1 branch of the dungeon, and saw 3 of its levels.

You collected 28 gold pieces.

Inventory:

Hand Weapons
 a - a +0 dagger
 f - a +0 trident of venom (weapon)
 j - a +0 sling
Missiles
 l - 9 stones
Armour
 b - a +0 hat (worn)
Scrolls
 d - 2 scrolls of identify
 e - a scroll of teleportation {unknown}
 g - a scroll of fog {unknown}
 h - a scroll of noise {unknown}
 m - a scroll of enchant armour {unknown}
 n - a scroll of enchant weapon {unknown}
Potions
 c - a potion of magic
 i - a potion of flight
 k - a potion of curing {unknown}


   Skills:
 - Level 2.3 Fighting
 - Level 2.0 Dodging
 - Level 2.6 Stealth
 - Level 3.0 Spellcasting
 - Level 1.0 Conjurations
 - Level 2.0 Hexes
 + Level 2.2 Summonings
 - Level 1.0 Translocations


You had 5 spell levels left.
You knew the following spells:

 Your Spells              Type           Power      Damage    Failure   Level
a - Magic Dart            Conj           24%        1d4       11%         1
c - Call Imp              Summ           20%        N/A       10%         2
s - Slow                  Hex            36%        N/A       7%          1

Your spell library contained the following spells:

 Spells                   Type           Power      Damage    Failure   Level
 Summon Small Mammal      Summ           40%        N/A       7%          1
 Blink                    Tloc           12%        N/A       16%         2
 Call Canine Familiar     Summ           10%        N/A       21%         3
 Summon Guardian Golem    Hex/Summ       10%        N/A       21%         3
 Cigotuvi's Dreadful Rot  Necr/Pois/Air  4%         N/A       24%         2
 Mephitic Cloud           Conj/Pois/Air  3%         N/A       38%         3
 Cause Fear               Hex            4%         N/A       56%         4
 Anguish                  Hex/Necr       3%         N/A       71%         4
 Enfeeble                 Hex            4%         N/A       100%        7


Dungeon Overview and Level Annotations

Branches:
Dungeon (3/15)

Altars:

Annotations:
D:3 Jessica, Natasha


Innate Abilities, Weirdness & Mutations

You cannot wear most types of armour.
You are amphibious.
You can wear up to eight rings at the same time.
Your skin changes colour to match your surroundings (Stealth+).
Your rubbery body absorbs attacks. (AC +1, EV +1)
((You are camouflaged when in or above water. (Stealth+)))
You have tentacles for arms and can constrict up to eight enemies at once.


Message History

Your cerulean imp closely misses the gnoll.
The gnoll misses your cerulean imp.
Casting: Call Imp (safe; 10% risk of failure)
Confirm with . or Enter, or press ? or * to list all spells.
Okay, then.
Casting: Call Imp (safe; 10% risk of failure)
Confirm with . or Enter, or press ? or * to list all spells.
Aiming: Slow (safe; 7% risk of failure)
Press: ? - help, Shift-Dir - straight line, f/p - gnoll
Aim: a gnoll, wielding a +0 flail (lightly wounded, very poisoned, chance to affect: 51%)
The gnoll seems to slow down.
Your cerulean imp barely misses the gnoll.
You hit the gnoll but do no damage.
The gnoll looks as sick as possible!
Your grab misses the gnoll.
The gnoll is moderately wounded.
The gnoll closely misses your cerulean imp.
Your cerulean imp hits the gnoll from afar with a -3 spear.
An endoplasm comes into view.
Natasha claws your cerulean imp.
Your cerulean imp hits the gnoll from afar with a -3 spear.
You see here a +0 pair of gloves.
You hit Natasha. Your grab misses Natasha. You squeeze Natasha.
Natasha is moderately wounded.
Your cerulean imp hits the gnoll from afar with a -3 spear.
The gnoll barely misses your cerulean imp.
Natasha claws you! The gnoll closely misses you.
You hit Natasha.
Natasha is poisoned.
Your grab misses Natasha.
Natasha is heavily wounded.
Your cerulean imp hits the gnoll from afar with a -3 spear.
The gnoll misses your cerulean imp.
The gnoll hits your cerulean imp with a +0 club.
Natasha claws you.
Your cerulean imp hits the gnoll with a -3 spear.
The gnoll hits you with a +0 flail!
Ouch! That really hurt!
* * * LOW HITPOINT WARNING * * *
The gnoll misses your cerulean imp.
Your cerulean imp hits the gnoll but does no damage.
Natasha claws you.
You die...

....$#.#
.#....#.#
.........
....†...#####
.......K....
......#g#.#
.....gg5..###
#g[h..#
#.#####@###
#.......###
.......)..#
########.###
!........#
########.#
#.# #<# ###


You could see Natasha (very poisoned), 4 gnolls, a kobold and a friendly
cerulean imp (summoned).

Vanquished Creatures
  An adder (D:2)
  A worm (D:2)
  4 dart slugs (D:2)
  5 ball pythons (D:1)
  4 endoplasms
  3 giant cockroaches
  8 hobgoblins
  4 jackals (D:3)
  2 quokkas
  8 bats
  3 frilled lizards
  3 goblins
  3 kobolds
  5 rats
54 creatures vanquished.

Notes
Turn   | Place    | Note
-------+----------+-------------------------------------------
     0 | D:1      | VictoriousLee the Octopode Hedge Wizard began the quest for
                  | the Orb.
     0 | D:1      | Reached XP level 1. HP: 11/11 MP: 4/4
    65 | D:1      | Reached skill level 1 in Fighting
   168 | D:1      | Reached XP level 2. HP: 17/18 MP: 3/6
   177 | D:1      | Learned a level 1 spell: Slow
   565 | D:1      | Reached skill level 1 in Hexes
   686 | D:1      | Reached XP level 3. HP: 24/24 MP: 4/7
   700 | D:1      | Found a faded altar of an unknown god.
   978 | D:1      | You fall into a shaft and drop 1 floor!
  1433 | D:2      | Reached XP level 4. HP: 27/29 MP: 4/8
  2229 | D:3      | Noticed Jessica
  2685 | D:3      | Learned a level 2 spell: Call Imp
  2702 | D:3      | Noticed Natasha
  2710 | D:3      | Slain by Natasha

Illustrated notes

Levels and vault maps discovered:
D:1:      mainiacjoe_arrival_reflecting_pool, layout_basic,
          shapermc_ecumenical_altar_pompeii, minmay_hedge_maze
D:2:      layout_basic, serial_forest, infiniplex_forest_end_1,
          infiniplex_forest_end_double, infiniplex_forest_lined_room_2,
          infiniplex_forest_lined_corner, infiniplex_forest_clump_medium,
          infiniplex_forest_straight_2
D:3:      layout_basic, gammafunk_temple_overflow_arena,
          uniq_crazy_yiuf_cottage, uniq_natasha, uniq_jessica

Skill      XL: |  1  2  3  4 |
---------------+-------------+-----
Fighting       | 1 2 |  2.3
Hexes          | 1 2 |  2.0
Summonings     | 2 |  2.2
Dodging        | |  2.0
Stealth        | |  2.6
Spellcasting   | |  3.0
Conjurations   | |  1.0
Translocations | |  1.0

Action                     |  1- 3 |  4- 6 || total
---------------------------+-------+-------++-------
  Melee: Dagger            |    12 |       ||    12
         Constrict         |     9 |     2 ||    11
         Tentacles         |     3 |     6 ||     9
         Trident           |    25 |    28 ||    53
         Punch             |       |     1 ||     1
   Cast: Magic Dart        |    62 |    21 ||    83
         Slow              |       |     1 ||     1
         Call Imp          |       |     1 ||     1
    Use: Scroll            |       |     2 ||     2
   Stab: Sleeping          |     1 |       ||     1
 Armour: Skin              |     1 |     2 ||     3
  Dodge: Dodged            |    20 |     9 ||    29
